 Dungeon Crawl Stone Soup version 0.21-a0-509-gecc5317 (webtiles) character file.

162 BingusPrime the Insei (level 5, -2/33 HPs)
             Began as an Octopode Transmuter on Nov 29, 2017.
             Was a Follower of Fedhas.
             Slain by Dawnplanks's ghost (9 damage)
             ... on level 3 of the Dungeon.
             The game lasted 00:12:06 (2493 turns).

BingusPrime the Insei (Octopode Transmuter)         Turns: 2493, Time: 00:12:07

Health: -2/33      AC:  2    Str: 10    XL:     5   Next: 43%
Magic:  4/9        EV: 20    Int: 15    God:    Fedhas [*.....]
Gold:   122        SH:  0    Dex: 18    Spells: 4/10 levels left

rFire    . . .     SeeInvis +     - Unarmed
rCold    . . .     Gourm    .   (shield currently unavailable)
rNeg     . . .     Faith    .   (helmet currently unavailable)
rPois    x         Spirit   .   (no amulet)
rElec    .         Reflect  .   d - ring of see invisible
rCorr    .         Harm     .   (no ring)
MR       .....                  (no ring)
Stlth    ++........             (no ring)
HPRegen  0.11/turn              (no ring)
MPRegen  0.11/turn              (no ring)
                                (no ring)
                                (no ring)

@: spider-form (expiring)
A: tiny, almost no armour, stealthy swim, (amphibious), 8 rings, (constrict 8)
a: End Transformation, Fungal Bloom, Evolution, Renounce Religion


You were on level 3 of the Dungeon.
You worshipped Fedhas.
Fedhas was aware of your devotion.
You were hungry.
You were a venomous arachnid creature.
You visited 1 branch of the dungeon, and saw 4 of its levels.

You collected 122 gold pieces.

Inventory:

Missiles
 a - 4 arrows
 g - 4 tomahawks (quivered)
Armour
 n - a +2 hat (melded)
Jewellery
 d - a ring of see invisible (left front leg)
Scrolls
 i - a scroll of identify
 j - a scroll of magic mapping
 k - 2 scrolls of remove curse
 p - a scroll of fog {unknown}
 q - a scroll of teleportation {unknown}
Potions
 o - a potion of agility
Books
 b - a book of Changes

   Spells                             Type                      Level
   a - Beastly Appendage              Transmutation                1
   b - Sticks to Snakes               Transmutation                2
   c - Spider Form                    Transmutation/Poison         3
   d - Ice Form                       Ice/Transmutation            4
   e - Blade Hands                    Transmutation                5
Comestibles
 c - 2 bread rations
 f - a royal jelly
 h - 10 fruits
 l - a chunk of flesh


   Skills:
 - Level 1.0 Fighting
 - Level 2.0 Dodging
 + Level 0.1 Stealth
 * Level 4.4 Unarmed Combat
 * Level 3.2 Spellcasting
 * Level 3.2 Transmutations
 + Level 0.1 Poison Magic


You had 4 spell levels left.
You knew the following spells:

 Your Spells              Type           Power        Failure   Level  Hunger
a - Beastly Appendage     Tmut           ##....       16%         1    #......
b - Sticks to Snakes      Tmut           ##......     21%         2    ##.....
c - Spider Form           Tmut/Pois      #.........   50%         3    ###....


Dungeon Overview and Level Annotations

Branches:
Dungeon (4/15)
 Temple: D:4-7

Altars:
Fedhas

Annotations:
D:3 Dawnplanks's ghost, amateur DrSk


Innate Abilities, Weirdness & Mutations

You cannot wear most types of armour.
You are very stealthy in the water. (Stealth+)
((You are amphibious.))
You can wear up to eight rings at the same time.
((You can use your tentacles to constrict eight enemies at once.))
((Your skin changes colour to match your surroundings (Stealth+).))
((Your rubbery body absorbs attacks. (AC +1, EV +1)))


Message History

Your adder bites Dawnplanks's ghost but does no damage.
Dawnplanks's ghost closely misses you.
The giant cockroach completely misses you.
You closely miss Dawnplanks's ghost.
Dawnplanks's ghost is heavily damaged.
Your adder bites Dawnplanks's ghost.
Dawnplanks's ghost hits you.
* * * LOW HITPOINT WARNING * * *
The giant cockroach completely misses you.
You feel better.
Your transformation is almost over.
Your adder misses Dawnplanks's ghost. Dawnplanks's ghost hits you.
* * * LOW HITPOINT WARNING * * *
The giant cockroach barely misses you.
Your adder bites Dawnplanks's ghost but does no damage.
Your adder bites Dawnplanks's ghost but does no damage.
You bite the giant cockroach!
You kill the giant cockroach!
Your adder misses Dawnplanks's ghost. Dawnplanks's ghost hits you!
You die...
Fedhas appreciates your contribution to the ecosystem.

##...(... #........
########## #........
#........# #........
#........#####.)......
#.............$.††....
#......S....##........
#....†W...#####.......
#....s...## ##.....#
#........# #......
#......>.# #......
#........# #......
#........# #......
########## #......
#...... #......
#####.####


You could see Dawnplanks's ghost and a friendly adder.

Vanquished Creatures
  A bullfrog skeleton (D:4)
  5 adders
  An ooze (D:4)
  A leopard gecko (D:2)
  11 orcs
  2 bats
  4 giant cockroaches (D:3)
  8 goblins
  5 hobgoblins
  A jackal (D:4)
  A quokka (D:2)
  A ball python (D:3)
  A frilled lizard (D:3)
  4 rats
46 creatures vanquished.

Vanquished Creatures (collateral kills)
  An orc priest (D:3)
  An adder (D:2)
  An orc (D:3)
  A giant cockroach (D:3)
4 creatures vanquished.

Vanquished Creatures (others)
  13 toadstools
13 creatures vanquished.

Grand Total: 63 creatures vanquished

Notes
Turn   | Place    | Note
-------+----------+-------------------------------------------
     0 | D:1      | BingusPrime the Octopode Transmuter began the quest for the Orb.
     0 | D:1      | Reached XP level 1. HP: 13/13 MP: 3/3
   222 | D:1      | Reached XP level 2. HP: 2/18 MP: 3/5
   483 | D:1      | Learned a level 2 spell: Sticks to Snakes
  1349 | D:2      | Found a blossoming altar of Fedhas.
  1483 | D:2      | Reached XP level 3. HP: 21/23 MP: 1/6
  1488 | D:2      | Learned a level 3 spell: Spider Form
  1847 | D:2      | Became a worshipper of Fedhas Madash
  2089 | D:3      | Reached XP level 4. HP: 22/28 MP: 3/8
  2112 | D:4      | Reached skill level 4 in Unarmed Combat
  2204 | D:4      | Reached XP level 5. HP: 26/33 MP: 7/9
  2323 | D:3      | Reached * piety under Fedhas
  2457 | D:3      | Noticed Dawnplanks's ghost (amateur DrSk)
  2493 | D:3      | Slain by Dawnplanks's ghost

Vault maps used:
D:1:      eino_arrival_tree_alley
D:2:      minmay_tree_intersection, fedhas_altar_fruit_tree
D:3:      first_bread, lemuel_blue_sif_altar
D:4:      grunt_temple_overflow_cloverleaf, serial_shops, shop, uniq_pikel,
          uniq_crazy_yiuf_cottage

Skill      XL: |  1  2  3  4 |
---------------+-------------+-----
Unarmed Combat | 4 |  4.4
Spellcasting   | 3 |  3.2
Transmutations | 3 |  3.2
Fighting       | |  1.0
Dodging        | |  2.0
Stealth        | |  0.1
Poison Magic   | |  0.1

Action                   |  1- 3 |  4- 6 || total
-------------------------+-------+-------++-------
Melee: Unarmed           |    58 |    66 ||   124
       Constrict         |    15 |     5 ||    20
       Kick              |     8 |     2 ||    10
       Tentacles         |     4 |     3 ||     7
       Punch             |     2 |       ||     2
 Cast: Beastly Appendage |    17 |     5 ||    22
       Sticks to Snakes  |     6 |     2 ||     8
       Spider Form       |     1 |     6 ||     7
Invok: Fungal Bloom      |       |     3 ||     3
  Use: Scroll            |     1 |     5 ||     6
       Potion            |       |     4 ||     4
 Stab: Sleeping          |     6 |       ||     6
       Invisible         |       |     3 ||     3
  Eat: Chunk             |     4 |     1 ||     5
       Fruit             |       |     1 ||     1
Armor: Skin              |     9 |     8 ||    17
Dodge: Dodged            |    30 |    57 ||    87

Table legend:
 A = Spawn XP
 B = Non-spawn XP
 C = Spawn XP percentage of total XP
 D = Spawn monster count
 E = Non-spawn monster count
 F = Spawn count percentage of total count
 G = Total turns spent on level
                    A         B        C        D         E        F      G
               +---------+---------+-------+---------+---------+-------+---------
         Total |       0 |     232 |   0.0 |       0 |      50 |   0.0 |  2493
               +---------+---------+-------+---------+---------+-------+---------
           D:1 |       0 |      15 |   0.0 |       0 |       8 |   0.0 |  1074
           D:2 |       0 |      30 |   0.0 |       0 |       9 |   0.0 |   832
           D:3 |       0 |     122 |   0.0 |       0 |      25 |   0.0 |   412
           D:4 |       0 |      65 |   0.0 |       0 |       8 |   0.0 |   175
               +---------+---------+-------+---------+---------+-------+---------
